 Dungeon Crawl Stone Soup version 0.20-a0-386-g2d247ea (webtiles) character file.

13311 bige134 the Basher (level 12, -9/73 HPs)
             Began as a Gargoyle Fighter on Dec 30, 2016.
             Was a High Priest of Ru.
             Killed from afar by a deep elf mage (45 damage)
             ... with a bolt of cold
             ... on level 1 of the Elven Halls.
             The game lasted 01:21:11 (7853 turns).

bige134 the Basher (Gargoyle Fighter)               Turns: 7853, Time: 01:21:14

Health: -9/73      AC: 19    Str: 24    XL:     12   Next: 4%
Magic:  14/21      EV:  9    Int: 10    God:    Ru [*****.]
Gold:   1087       SH: 12    Dex:  9    Spells: 11/11 levels left

rFire  . . .     SeeInvis .     h - +4 mace
rCold  . . .     Gourm    .     b - +0 scale mail
rNeg   + . .     Faith    .     c - +1 shield
rPois  ∞         Spirit   .     (no helmet)
rElec  +         Reflect  .     (no cloak)
rCorr  .         Harm     .     (no gloves)
MR     +....                    i - +0 pair of boots
Stlth  ..........               (no amulet)
                                A - ring of protection from magic
                                y - ring of magical power

@: exhausted, no scrolls, heavily drained
A: iridescent scales 1, negative energy resistance 1, electricity resistance,
unbreathing, petrification resistance, rot immunity, inability to read while
threatened, inability to use devices, unskilled 1, AC +8
a: Draw Out Power, Power Leap, Apocalypse, Renounce Religion


You were on level 1 of the Elven Halls.
You worshipped Ru.
Ru was extremely pleased with you.
You were not hungry.

You visited 3 branches of the dungeon, and saw 12 of its levels.
You also visited: Sewer.

You collected 1183 gold pieces.
You spent 96 gold pieces at shops.

Inventory:

Hand Weapons
 h - a +4 mace (weapon)
Missiles
 e - 16 poisoned needles
Armour
 b - a +0 scale mail (worn)
 c - a +1 shield (worn)
 i - a +0 pair of boots (worn)
 l - a +1 leather armour of magic resistance
Jewellery
 v - an uncursed amulet of harm
 y - a ring of magical power (left hand)
 A - a ring of protection from magic (right hand)
 F - an uncursed ring of flight
Wands
 t - a wand of slowing (20/48)
 J - a wand of random effects (31/48)
Scrolls
 a - a scroll of blinking
 d - 6 scrolls of remove curse
 j - a scroll of fog {unknown}
 k - 5 scrolls of teleportation
 o - 4 scrolls of amnesia
 q - a scroll of random uselessness {unknown}
 u - 2 scrolls of enchant armour
 w - a scroll of magic mapping {unknown}
 C - 2 scrolls of vulnerability {unknown}
 E - 2 scrolls of enchant weapon {unknown}
 G - a scroll of silence {unknown}
 I - 2 scrolls of recharging
 L - a scroll of fear {unknown}
Potions
 f - 2 potions of invisibility
 p - 2 potions of flight
Comestibles
 g - a meat ration
 D - 2 beef jerkies
 M - 2 bread rations


   Skills:
 + Level 7.7(6.3) Fighting
 + Level 11.3(9.8) Maces & Flails
 + Level 8.1(6.7) Armour
 + Level 4.1(2.9) Dodging
 + Level 3.7(2.4) Stealth
 + Level 8.5(7.1) Shields


You had 11 spell levels left.
You didn't know any spells.

Dungeon Overview and Level Annotations

Branches:
Dungeon (9/15)               Lair (0/6) D:8             Orc (2/2) D:9
    Elf (1/3) Orc:2
 Temple: D:4-7

Altars:
Ru
Beogh

Shops:
D:5 :   D:8 !


Innate Abilities, Weirdness & Mutations

You are resistant to torment.
Your stone body is resilient. (AC +8)
You are immune to poison.
You resist negative energy. (rN+)
You are resistant to electric shocks. (rElec)
You can survive without breathing.
You are immune to petrification.
You are immune to rotting.
You cannot read scrolls while threatened.
You cannot study or use magical devices.
You are somewhat unskilled. (-1 Apt)
You are partially covered in iridescent scales. (AC +2)


Message History

Things that are here:
a long sword; a leather armour; an elf corpse The deep elf mage begins to cast a spell, but is stunned by your will!
A deep elf annihilator comes into view. It is wielding a dagger.
You redirect the deep elf mage's attack!
The deep elf mage points at the deep elf mage and mumbles some strange words.
The bolt of cold hits the deep elf mage.
The deep elf annihilator begins to cast a spell, but is stunned by your will!
The deep elf mage shouts!
There is a huge open gate here.
A deep elf knight comes into view. It is wielding a long sword.
The deep elf knight shouts!
A deep elf mage comes into view.
It is wielding a long sword of holy wrath.
The deep elf mage shouts!
You hit the deep elf mage but do no damage.
The deep elf mage is severely wounded.
The deep elf mage gestures at you while chanting.
The bolt of cold hits you!
Ouch! That really hurt!
You die...

' . #.
..#.#####
#.e....#
#....8.######
.#..e...'....##
......).'....)#
.e....e@'.<...#
.#......'.)...#
#......'.)..##
#....8.######
#......#
##.##### #.. e.


You could see a deep elf annihilator, a deep elf knight and 3 deep elf magi.

Vanquished Creatures
  A yaktaur captain (D:9)
  A dancing weapon (Elf:1)
  A two-headed ogre (D:8)
  An orc high priest (Orc:2)
  Pikel (D:8)
  The ghost of duskshroud the Grappler, a novice GrMo of Qazlal (D:8)
  4 deep elf magi (Elf:1)
  2 orc sorcerers (Orc:1)
  Maurice (Orc:2)
  A troll (Orc:2)
  A slime creature (D:7)
  Grinder (D:4)
  2 hippogriffs (D:9)
  The ghost of promet the Skirmisher, an amateur MiMo (D:3)
  A steam dragon (D:9)
  A warg (Orc:2)
  A hell hound (D:8)
  15 orc warriors
  A phantom (D:4)
  2 ice beasts (D:7)
  A sky beast (D:7)
  A slave (D:8)
  7 ogres
  4 centaurs
  A big kobold (D:9)
  2 bullfrogs
  A wyvern zombie (D:8)
  4 killer bees (D:9)
  2 scorpions
  9 wights
  A vampire bat (D:6)
  4 howler monkeys
  3 crimson imps
  A bullfrog zombie (D:7)
  3 jellies
  8 orc priests
  3 hounds
  2 iguanas (D:6)
  2 centaur skeletons (D:8)
  10 orc wizards
  8 worker ants
  A hound zombie (D:5)
  A worker ant zombie (D:6)
  16 gnolls
  9 adders
  2 howler monkey skeletons
  A river rat (D:4)
  2 shadow imps (D:8)
  An ooze (D:5)
  2 worms
  3 dart slugs
  5 leopard geckos
  31 orcs
  2 ball pythons
  17 bats
  7 giant cockroaches
  3 goblins
  3 hobgoblins
  14 jackals
  3 quokkas
  4 frilled lizards (Sewer)
  A jackal skeleton (D:7)
  A jackal zombie (D:7)
  11 kobolds
  A quokka skeleton (D:6)
  11 rats
  2 plants (Sewer)
271 creatures vanquished.

Vanquished Creatures (others)
  A two-headed ogre (D:9)
  A hell hound (D:8)
  A centaur (D:8)
  A wight (D:9)
  2 orcs
6 creatures vanquished.

Grand Total: 277 creatures vanquished

Notes
Turn   | Place    | Note
-------+----------+-------------------------------------------
     0 | D:1      | bige134 the Gargoyle Fighter began the quest for the Orb.
     0 | D:1      | Reached XP level 1. HP: 14/14 MP: 1/1
   261 | D:1      | Reached XP level 2. HP: 17/19 MP: 2/2
   570 | D:1      | Reached XP level 3. HP: 23/24 MP: 3/3
   710 | D:2      | Reached XP level 4. HP: 12/29 MP: 4/4
   971 | D:2      | Reached skill level 3 in Maces & Flails
  1010 | D:2      | Gained mutation: Your body sometimes deteriorates upon taking damage. [potion of mutation]
  1010 | D:2      | Gained mutation: Your movements are slightly less encumbered by armour. (ER -2) [potion of mutation]
  1010 | D:2      | Gained mutation: You are partially covered in rugged brown scales. (AC +1, +3% HP) [potion of mutation]
  1030 | D:2      | Lost mutation: You are partially covered in rugged brown scales. (AC +1, +3% HP) [potion of mutation]
  1030 | D:2      | Gained mutation: You regenerate slowly when monsters are visible. [potion of mutation]
  1030 | D:2      | Gained mutation: You have very sharp teeth. [potion of mutation]
  1031 | D:2      | Lost mutation: Your body sometimes deteriorates upon taking damage. [potion of mutation]
  1031 | D:2      | Gained mutation: Your spells are a little easier to cast, but a little less powerful. [potion of mutation]
  1115 | D:2      | Found a sacrificial altar of Ru.
  1443 | D:3      | Noticed promet's ghost (amateur MiMo)
  1454 | D:3      | Killed promet's ghost
  1454 | D:3      | Reached skill level 4 in Maces & Flails
  1454 | D:3      | Reached XP level 5. HP: 23/33 MP: 5/5
  1454 | D:3      | Reached XP level 6. HP: 26/38 MP: 6/6
  1761 | D:2      | Became a worshipper of Ru the Awakened
  1856 | D:4      | Reached skill level 1 in Dodging
  1906 | D:4      | Noticed Grinder
  1921 | D:4      | Killed Grinder
  1921 | D:4      | Reached skill level 5 in Maces & Flails
  1921 | D:4      | Reached XP level 7. HP: 44/44 MP: 7/7
  2294 | D:4      | Found a glowing drain.
  2305 | Sewer    | Entered a sewer
  2315 | Sewer    | Reached skill level 6 in Maces & Flails
  2635 | D:5      | Entered Level 5 of the Dungeon
  2683 | D:5      | Reached skill level 5 in Shields
  2808 | D:5      | Gained mutation: You cannot read scrolls while threatened. [Ru sacrifice]
  2808 | D:5      | Reached * piety under Ru
  2849 | D:5      | Reached XP level 8. HP: 48/48 MP: 8/8
  3005 | D:5      | Found Isuwnuos's Book Boutique.
  3037 | D:5      | Reached skill level 5 in Armour
  3237 | D:6      | Reached skill level 7 in Maces & Flails
  3253 | D:6      | Reached skill level 5 in Fighting
  4008 | D:7      | Reached XP level 9. HP: 54/54 MP: 9/9
  4061 | D:7      | Reached skill level 8 in Maces & Flails
  4327 | D:7      | Gained mutation: You cannot study or use magical devices. [Ru sacrifice]
  4327 | D:7      | Reached ** piety under Ru
  4327 | D:7      | Reached *** piety under Ru
  4327 | D:7      | Reached **** piety under Ru
  4372 | D:7      | Reached skill level 1 in Stealth
  4454 | D:7      | Reached skill level 9 in Maces & Flails
  4584 | D:8      | Found a staircase to the Lair.
  4866 | D:8      | Reached XP level 10. HP: 50/60 MP: 10/10
  4873 | D:8      | Noticed a two-headed ogre
  4878 | D:8      | Noticed Pikel
  4890 | D:8      | Killed a two-headed ogre
  4910 | D:8      | Killed Pikel
  4910 | D:8      | Reached skill level 10 in Maces & Flails
  4947 | D:8      | Found Haohijum's Distillery.
  4965 | D:8      | Bought a potion of ambrosia for 96 gold pieces
  5086 | D:8      | Noticed duskshroud's ghost (novice GrMo)
  5105 | D:8      | Killed duskshroud's ghost
  5327 | D:9      | Noticed a yaktaur captain
  5338 | D:9      | Killed a yaktaur captain
  5344 | D:9      | Got a pitted long sword
  5544 | D:9      | Noticed a two-headed ogre
  5549 | D:9      | Killed a two-headed ogre
  5549 | D:9      | Reached skill level 11 in Maces & Flails
  5551 | D:9      | Reached XP level 11. HP: 67/67 MP: 11/11
  5589 | D:9      | Found a staircase to the Orcish Mines.
  5701 | Orc:1    | Entered Level 1 of the Orcish Mines
  5702 | Orc:1    | Gained mutation: You are somewhat unskilled. (-1 Apt) [Ru sacrifice]
  5702 | Orc:1    | Reduced skill Maces & Flails to level 10
  5702 | Orc:1    | Reached ***** piety under Ru
  5706 | Orc:1    | Noticed an orc sorcerer
  5708 | Orc:1    | Killed an orc sorcerer
  5712 | Orc:1    | Noticed an orc sorcerer
  5734 | Orc:1    | HP: 2/66 [orc warrior/mace of draining (18)]
  5742 | Orc:1    | Lost mutation: Your movements are slightly less encumbered by armour. (ER -2) [potion of cure mutation]
  5742 | Orc:1    | Lost mutation: Your spells are a little easier to cast, but a little less powerful. [potion of cure mutation]
  5742 | Orc:1    | Lost mutation: You have very sharp teeth. [potion of cure mutation]
  5742 | Orc:1    | Lost mutation: You regenerate slowly when monsters are visible. [potion of cure mutation]
  5743 | Orc:1    | Gained mutation: You are partially covered in iridescent scales. (AC +2) [potion of beneficial mutation]
  5744 | Orc:1    | Killed an orc sorcerer
  6309 | Orc:2    | Entered Level 2 of the Orcish Mines
  6313 | Orc:2    | Noticed Maurice
  6353 | Orc:2    | Killed Maurice
  6471 | Orc:2    | Found a roughly hewn altar of Beogh.
  6527 | Orc:2    | Found a roughly hewn altar of Beogh.
  6624 | Orc:2    | Noticed an orc warlord
  6627 | Orc:2    | Noticed an orc sorcerer
  6656 | Orc:2    | Noticed an orc high priest
  6675 | Orc:2    | Noticed a soul eater
  6675 | Orc:2    | Killed an orc high priest
  6675 | Orc:2    | Reached skill level 11 in Maces & Flails
  6738 | Orc:2    | Found a staircase to the Elven Halls.
  6739 | Orc:2    | Found a roughly hewn altar of Beogh.
  6763 | Elf:1    | Entered Level 1 of the Elven Halls
  6763 | Elf:1    | Noticed a deep elf mage
  6770 | Elf:1    | Noticed a soul eater
  6773 | Elf:1    | Killed a deep elf mage
  7839 | Elf:1    | Noticed a deep elf mage
  7839 | Elf:1    | Noticed a deep elf mage
  7839 | Elf:1    | Noticed a deep elf mage
  7841 | Elf:1    | Noticed a deep elf mage
  7841 | Elf:1    | Noticed a mace of crushing
  7847 | Elf:1    | Noticed a soul eater
  7848 | Elf:1    | Killed a deep elf mage
  7848 | Elf:1    | Killed a deep elf mage
  7848 | Elf:1    | Killed a mace of crushing
  7848 | Elf:1    | Reached XP level 12. HP: 46/73 MP: 12/12
  7851 | Elf:1    | Noticed a deep elf annihilator
  7852 | Elf:1    | Noticed a deep elf knight
  7853 | Elf:1    | Killed from afar by a deep elf mage

Vault maps used:
D:1:      saegor_arrival_under_anarchy, minmay_rat_gold_closets
D:2:      nicolae_overflow_hidden_temple
D:3:      minmay_misc_feat_rows
D:4:      portal_sewer_entry_b, uniq_grinder
D:5:      first_bread, serial_shops, kennysheep_mini, grunt_ministairs_12
D:6:      roderic_batcave
D:7:      wad_guarded_room
D:8:      kennysheep_little_box, marbit_many_paths, minmay_lair_entry_lava,
          serial_shops, shop, uniq_pikel
D:9:      orc_0_dummy, grunt_pizzeria, kennysheep_just_a_vault
Orc:2:    grunt_orc_community_town_hall, grunt_orc_community_big_house_1,
          grunt_orc_community_big_house_1, grunt_orc_community_house_3,
          grunt_orc_community_house_2, grunt_orc_community_house_3,
          grunt_orc_community_house_2, grunt_orc_community_house_3,
          grunt_orc_community_house_3, uniq_maurice
Elf:1:    eino_elf_arrival_the_gate, hangedman_elven_crosses_minicolossus
Sewer:    sewer_co_scattered_pipes

Skill      XL: |  1  2  3  4  5  6  7  8  9 10 11 |
---------------+----------------------------------+-----
Maces & Flails | 4 5 6 7 9 11 11 | 11.3
Fighting       | 4 5 6 7 7 |  7.7
Armour         | 4 5 6 7 8 |  8.1
Shields        | 4 5 6 7 8 8 |  8.5
Dodging        | 1 2 3 4 |  4.1
Stealth        | 2 3 3 |  3.7

Action                   |  1- 3 |  4- 6 |  7- 9 | 10-12 || total
-------------------------+-------+-------+-------+-------++-------
Melee: Flail             |    97 |   113 |   509 |   169 ||   888
       Bite              |       |    10 |    61 |    13 ||    84
       Mace              |       |       |       |   159 ||   159
Invok: Sacrifice Words   |       |       |     1 |       ||     1
       Draw Out Power    |       |       |     3 |     5 ||     8
       Power Leap        |       |       |     1 |     1 ||     2
       Sacrifice Artific |       |       |     1 |       ||     1
       Apocalypse        |       |       |       |     5 ||     5
       Sacrifice Skill   |       |       |       |     1 ||     1
  Use: Scroll            |     3 |       |     5 |     6 ||    14
       Potion            |       |     5 |     3 |    13 ||    21
 Stab: Invisible         |       |       |     2 |     2 ||     4
       Paralysed         |       |       |       |     4 ||     4
  Eat: Bread ration      |       |     1 |     1 |       ||     2
       Pizza             |       |     1 |       |       ||     1
       Beef jerky        |       |       |     2 |       ||     2
       Meat ration       |       |       |     1 |     1 ||     2
       Royal jelly       |       |       |       |     1 ||     1
Armor: Scale mail        |    44 |    53 |   186 |   132 ||   415
Dodge: Dodged            |    25 |    41 |   143 |    77 ||   286
Block: Shield            |    48 |    49 |   230 |   140 ||   467
